 Dungeon Crawl Stone Soup version 0.25-a0-1119-g28b6fd0c3b (webtiles) character file.

Game seed: 14510147900984037311, levelgen mode: deterministic

412 Esekla the Magician (level 6, 0/58 HPs)
             Began as an Octopode Wizard on May 18, 2020.
             Succumbed to a water moccasin's poison
             ... on level 3 of the Dungeon.
             The game lasted 00:19:45 (3720 turns).

Esekla the Magician (Octopode Wizard)               Turns: 3720, Time: 00:19:46

Health: 0/58       AC: 23    Str:  6    XL:     6   Next: 90%
Magic:  12/12      EV:  2    Int: 21    God:
Gold:   65         SH:  0    Dex:  8    Spells: 5/14 levels left

rFire    . . .     SeeInvis .   r - +0 long sword
rCold    . . .     Gourm    .   (no shield)
rNeg     + + +     Faith    .   (helmet currently unavailable)
rPois    +         Spirit   .   (no amulet)
rElec    .         Reflect  .   (no ring)
rCorr    .         Harm     .   (no ring)
MR       .....     NoTele   +   (no ring)
Stlth    ++........             (no ring)
HPRegen  0.19/turn              (no ring)
MPRegen  0.13/turn              (no ring)
                                (no ring)
                                (no ring)

@: lethally poisoned (0 -> -1), tree-form
A: almost no armour, stealthy swim, (amphibious), 8 rings, (constrict 8), clumsy
1, dopey 1
a: no special abilities


You were on level 3 of the Dungeon.
You were hungry.
You were a tree.
You visited 1 branch of the dungeon, and saw 3 of its levels.

You collected 65 gold pieces.

Inventory:

Hand Weapons
 a - a +0 short sword
 b - a +4 scythe of flaming
 r - a +0 long sword (weapon)
Missiles
 m - 4 javelins
 q - 21 poisoned darts (quivered)
Armour
 f - a +2 hat (melded)
Jewellery
 e - an uncursed ring of ice
Scrolls
 d - 2 scrolls of fear
 g - a scroll of random uselessness {unknown}
 i - a scroll of blinking {unknown}
 j - a scroll of teleportation
 o - a scroll of remove curse
Potions
 h - a potion of magic
 l - 2 potions of degeneration
Comestibles
 c - 5 rations


   Skills:
 * Level 1.6 Fighting
 + Level 1.6(1.7) Short Blades
 * Level 0.4(1.1) Long Blades
 + Level 0.2 Throwing
 + Level 2.5 Dodging
 - Level 3.0 Stealth
 * Level 4.5 Spellcasting
 + Level 2.4 Conjurations
   Level 1.0 Summonings
 * Level 2.3 Translocations
 * Level 1.4 Air Magic
 * Level 2.1 Poison Magic


You had 5 spell levels left.
You knew the following spells:

 Your Spells              Type           Power        Failure   Level  Hunger
a - Magic Dart            Conj           ###.         4%          1    None
b - Blink                 Tloc           N/A          7%          2    #......
c - Mephitic Cloud        Conj/Pois/Air  ##......     14%         3    ##.....
f - Conjure Flame         Conj/Fire      ##......     21%         3    ##.....

Your spell library contained the following spells:

 Spells                   Type           Power        Failure   Level  Hunger
 Call Imp                 Summ           #.......     12%         2    #......
 Slow                     Hex            #.......     17%         2    #......


Dungeon Overview and Level Annotations

Branches:
Dungeon (3/15)

Altars:
Ashenzari
Okawaru
Xom
Yredelemnul
Zin


Innate Abilities, Weirdness & Mutations

You cannot wear most types of armour.
You are very stealthy in the water. (Stealth+)
((You are amphibious.))
You can wear up to eight rings at the same time.
((You can use your tentacles to constrict eight enemies at once.))
((Your skin changes colour to match your surroundings (Stealth+).))
((Your rubbery body absorbs attacks. (AC +1, EV +1)))
((You are partially covered in iridescent scales. (AC +2)))
You are clumsy. (Dex -2)
You are dopey. (Int -2)
((Your system is resistant to poisons. (rPois)))


Message History

It was a potion of mutation.
You feel extremely strange.
Iridescent scales grow over part of your body.
You feel stupid.
You feel clumsy.
You feel resistant to poisons.
* * * LOW HITPOINT WARNING * * *
You feel sick.
You cannot move.
There is a lethal amount of poison in your body!
* * * LOW HITPOINT WARNING * * *
You feel sick.
* * * LOW HITPOINT WARNING * * *
You feel sick.
* * * LOW HITPOINT WARNING * * *
You feel sick.
* * * LOW HITPOINT WARNING * * *
You feel sick.
* * * LOW HITPOINT WARNING * * *
You feel sick.
* * * LOW HITPOINT WARNING * * *
You feel sick.
You die...

#########
#.......#########
#.#####.##....♣.#
###.#####.##.####.#
#......##.##.####.#
#.#.##.........##.#
#.#.#####.##[#.##.#
..#.......##......#
....##########.####
..#.# #.#
.##.######## #..


There were no monsters in sight!

Vanquished Creatures
  Sigmund (D:2)
  A water moccasin (D:3)
  5 adders (D:2)
  3 gnolls
  An ooze (D:2)
  4 worms
  2 dart slugs
  4 leopard geckos (D:2)
  2 orcs (D:2)
  2 giant cockroaches (D:1)
  3 goblins
  10 hobgoblins
  7 kobolds
  3 quokkas
  4 bats
  A frilled lizard (D:2)
  6 rats
59 creatures vanquished.

Vanquished Creatures (others)
  5 toadstools (D:1)
5 creatures vanquished.

Grand Total: 64 creatures vanquished

Notes
Turn   | Place    | Note
-------+----------+-------------------------------------------
     0 | D:1      | Esekla the Octopode Wizard began the quest for the Orb.
     0 | D:1      | Reached XP level 1. HP: 11/11 MP: 4/4
   749 | D:1      | Reached XP level 2. HP: 10/17 MP: 6/6
  1707 | D:2      | Reached XP level 3. HP: 21/21 MP: 5/8
  1711 | D:2      | Learned a level 2 spell: Blink
  1715 | D:2      | Learned a level 3 spell: Mephitic Cloud
  1719 | D:2      | Learned a level 3 spell: Conjure Flame
  2167 | D:2      | Noticed an angel
  2168 | D:2      | Found a glowing silver altar of Zin.
  2348 | D:2      | Reached XP level 4. HP: 20/27 MP: 6/9
  2374 | D:2      | Noticed Sigmund
  2392 | D:2      | Killed Sigmund
  2392 | D:2      | Reached skill level 1 in Fighting
  2392 | D:2      | Reached skill level 1 in Short Blades
  2392 | D:2      | Reached skill level 4 in Spellcasting
  2392 | D:2      | Reached skill level 1 in Air Magic
  2392 | D:2      | Reached skill level 1 in Poison Magic
  2392 | D:2      | Reached XP level 5. HP: 20/33 MP: 1/11
  2499 | D:2      | Found a shimmering altar of Xom.
  2669 | D:2      | Found an iron altar of Okawaru.
  2680 | D:2      | Reached XP level 6. HP: 35/38 MP: 9/12
  3370 | D:2      | Found a shattered altar of Ashenzari.
  3372 | D:2      | Found a basalt altar of Yredelemnul.
  3683 | D:3      | Noticed a water moccasin
  3696 | D:3      | Killed a water moccasin
  3698 | D:3      | Gained mutation: You are partially covered in iridescent
                  | scales. (AC +2) [potion of mutation]
  3698 | D:3      | Gained mutation: You are dopey. (Int -2) [potion of
                  | mutation]
  3698 | D:3      | Gained mutation: You are clumsy. (Dex -2) [potion of
                  | mutation]
  3698 | D:3      | Gained mutation: Your system is resistant to poisons.
                  | (rPois) [potion of mutation]
  3702 | D:3      | HP: 2/58 [poisoned by a water moccasin]
  3708 | D:3      | HP: 1/58 [poisoned by a water moccasin]
  3716 | D:3      | HP: 1/58 [poisoned by a water moccasin]
  3720 | D:3      | Succumbed to a water moccasin's poison

Illustrated notes

Levels and vault maps discovered:
D:1:      ldierk_walled_garden, layout_loops_ring
D:2:      layout_basic, lemuel_crystal_altar, nicolae_overflow_hidden_temple,
          zin_angel, okawaru_altar_gauntlet_db, uniq_sigmund
D:3:      layout_loops_cross

Skill      XL: |  1  2  3  4  5  6 |
---------------+-------------------+-----
Stealth        | 3 |  3.0
Fighting       | 1 |  1.6
Short Blades   | 1 |  1.6
Spellcasting   | 4 |  4.5
Conjurations   | 2 |  2.4
Air Magic      | 1 |  1.4
Poison Magic   | 1 2 |  2.1
Translocations | 2 |  2.3
Long Blades    | |  0.4
Throwing       | |  0.2
Dodging        | |  2.5
Summonings     | |  1.0

Action                   |  1- 3 |  4- 6 || total
-------------------------+-------+-------++-------
Melee: Short sword       |    58 |    48 ||   106
       Unarmed           |     5 |       ||     5
       Constrict         |    16 |    15 ||    31
       Tentacles         |     7 |     9 ||    16
       Long sword        |       |     4 ||     4
Throw: Javelin           |       |     2 ||     2
 Cast: Magic Dart        |    49 |    59 ||   108
       Mephitic Cloud    |       |     2 ||     2
  Use: Scroll            |       |     5 ||     5
       Potion            |       |     4 ||     4
 Stab: Sleeping          |     7 |     5 ||    12
  Eat: Chunk             |     4 |     4 ||     8
Armor: Skin              |     9 |    14 ||    23
Dodge: Dodged            |    46 |    48 ||    94
       Rpst.: Long sword |       |     3 ||     3

Table legend:
 A = Non-vault XP
 B = Vault XP
 C = Vault XP percentage of total XP
 D = Non-vault monster count
 E = Vault monster count
 F = Vault count percentage of total count
                 A         B        C        D         E       F
            +---------+---------+-------+---------+---------+-------
      Total |     331 |     258 |  43.8 |      52 |       7 |  11.9
            +---------+---------+-------+---------+---------+-------
        D:1 |      28 |       0 |   0.0 |      14 |       0 |   0.0
        D:2 |     118 |     258 |  68.6 |      26 |       7 |  21.2
        D:3 |     185 |       0 |   0.0 |      12 |       0 |   0.0
            +---------+---------+-------+---------+---------+-------
